 Dungeon Crawl Stone Soup version 0.22-a0-293-gc9362ec (webtiles) character file.

21614 inmateoo the Basher (level 12, -1/97 HPs)
             Began as a Mummy Monk on Mar 24, 2018.
             Was an Initiate of Gozag.
             Slain by an earth elemental (6 damage)
             ... on level 2 of the Lair of Beasts.
             The game lasted 00:22:02 (17720 turns).

inmateoo the Basher (Mummy Monk)                   Turns: 17720, Time: 00:22:02

Health: -1/97      AC: 17    Str: 23    XL:     12   Next: 55%
Magic:  0/15       EV: 12    Int: 15    God:    Gozag
Gold:   1594       SH: 11    Dex: 20    Spells: 11/11 levels left

rFire    . . .     SeeInvis .   C - +4 eveningstar (freeze)
rCold    + + .     Gourm    .   l - +0 shield
rNeg     + + +     Faith    .   d - +0 chain mail
rPois    ∞         Spirit   +   o - +1 helmet
rElec    .         Reflect  .   f - +0 cloak
rCorr    .         Harm     .   n - +2 pair of gloves {archery}
MR       +....                  y - +0 pair of boots
Stlth    ..........             w - amulet of guardian spirit
HPRegen  0.26/turn              h - ring of protection from cold
MPRegen  0.14/turn              v - ring of protection from fire

@: mighty, brilliant, agile, gold aura
A: no food or potions, fire vulnerability, cold resistance 1, negative energy
resistance 3, torment resistance, unbreathing
a: Potion Petition, Call Merchant, Bribe Branch, Renounce Religion


You were on level 2 of the Lair of Beasts.
You worshipped Gozag.
Gozag was most pleased with you.
You were not hungry.

You visited 3 branches of the dungeon, and saw 15 of its levels.
You also visited: Volcano.

You collected 3201 gold pieces.
You spent 1107 gold pieces at shops.
You paid 500 gold pieces to Gozag.

Inventory:

Hand Weapons
 g - a +2 dagger of venom
 j - a +0 blowgun
 C - a +4 eveningstar of freezing (weapon)
Missiles
 k - 2 curare-tipped needles
Armour
 d - a +0 chain mail (worn)
 e - a +2 plate armour of fire resistance
 f - a +0 cloak (worn)
 l - a +0 shield (worn)
 n - a +2 pair of gloves of archery (worn)
 o - a +1 helmet (worn)
 s - the +1 helmet of Ashenzari's Generosity {rF++ Int+4, unknown}
   (You found it in a volcano)

   It affects your intelligence (+4).
   It greatly protects you from fire.
 y - a +0 pair of boots (worn)
Jewellery
 b - a +4 ring of strength
 h - a ring of protection from cold (left hand)
 v - a ring of protection from fire (right hand)
 w - an amulet of guardian spirit (around neck)
 z - an uncursed ring of protection from fire
Wands
 p - a wand of iceblast (11)
 q - a wand of digging (9)
 t - a wand of flame (43)
 B - a wand of acid (8)
Scrolls
 a - 2 scrolls of fear
 c - 5 scrolls of remove curse
 i - 11 scrolls of identify
 m - 6 scrolls of teleportation
 r - a scroll of silence
 A - a scroll of amnesia
Miscellaneous
 x - a lamp of fire


   Skills:
 + Level 9.7 Fighting
 * Level 13.4 Maces & Flails
 - Level 5.0 Armour
 - Level 2.4 Dodging
 - Level 1.5 Stealth
 - Level 5.0 Shields
 + Level 4.6 Evocations


You had 11 spell levels left.
You didn't know any spells.

Dungeon Overview and Level Annotations

Branches:
Dungeon (12/15)            Temple (1/1) D:4            Lair (2/6) D:11
    Orc (0/2) D:9
  Swamp: Lair:2-4    Shoals: Lair:2-4     Snake: Lair:2-4    Spider: Lair:2-4

Altars:
Ashenzari
Cheibriados
Dithmenos
Elyvilon
Fedhas
Gozag
Hepliaklqana
Kikubaaqudgha
Makhleb
Nemelex Xobeh
Okawaru
Qazlal
Ru
Sif Muna
Trog
Uskayaw
Vehumet
Wu Jian
Xom
Yredelemnul
Zin
The Shining One

Shops:
D:8 (%=:(   D:11 *   D:12 !

Annotations:
D:2 Sigmund


Innate Abilities, Weirdness & Mutations

You do not eat or drink.
Your flesh is vulnerable to fire.
You are immune to poison.
Your flesh is cold resistant. (rC+)
You are immune to negative energy. (rN+++)
You are immune to unholy pain and torment.
You can survive without breathing.


Message History

You feel clever all of a sudden. You block the earth elemental's attack.
Unknown command.
Your chain mail prevents you from hitting the earth elemental.
The earth elemental is heavily damaged.
Unknown command.
Unknown command.
Your shield and chain mail prevent you from hitting the earth elemental.
The earth elemental is heavily damaged.
The earth elemental is distracted by your gold.
Unknown command.
You barely miss the earth elemental.
The earth elemental is no longer distracted by gold.
The earth elemental is heavily damaged.
Unknown command.
You sock the earth elemental!
The earth elemental is severely damaged.
The earth elemental hits you!
You die...
Your body crumbles into a pile of gold.

.^..^.^......#
.^...........#
^......^.....#
..........^..#
.....^^......##
#.......P.....#
......P...##..#
<......#.##...####
....)....#...###@###
.........#...#≈§E§§#
.........#...#≈§§≈§#
.........#...#≈≈.§≈#
.........#...##§.≈##
.........##...#...#
P.........#.......#
#.........##.....##
....#......#######


You could see an earth elemental.

Vanquished Creatures
  A hydra (D:12)
  Harold (D:11)
  A two-headed ogre (D:9)
  Urug (D:12)
  Pikel (D:7)
  2 spiny frogs
  5 gargoyles
  A rime drake (Lair:2)
  An efreet (Volcano)
  The ghost of Sharkov the Cutter, a novice KoWn (D:6)
  A troll (D:12)
  5 blink frogs (Lair:1)
  4 hippogriffs
  A meliai zombie (D:12)
  A spriggan (shapeshifter) (D:10)
  A shadow (D:10)
  15 yaks
  A fire elemental (Volcano)
  A hungry ghost (D:11)
  Eustachio (D:5)
  A chaos spawn (D:11)
  A steam dragon (D:10)
  3 vampire mosquitoes (D:12)
  2 basilisks (Lair:2)
  Menkaure (D:5)
  A two-headed ogre zombie (D:9)
  A warg (D:10)
  4 water moccasins (Lair:1)
  Duvessa (D:5)
  3 porcupines (Lair:1)
  5 ice beasts
  5 orc warriors
  2 phantoms (D:9)
  2 eyes of draining
  A sky beast (D:9)
  A necrophage (D:4)
  3 ogres
  8 centaurs
  2 crocodiles (Lair:1)
  A big kobold (D:9)
  The ghost of ThereIsNoGod the Stinger, an amateur SpVM (D:4)
  11 bullfrogs
  Dowan (D:5)
  A wyvern skeleton (D:12)
  6 scorpions
  8 killer bees
  10 howler monkeys
  4 wights (D:12)
  3 crimson imps
  2 centaur zombies
  A quasit (D:6)
  A gnoll shaman (D:4)
  4 bullfrog skeletons
  2 bullfrog zombies
  8 hounds
  2 jellies
  18 orc wizards
  7 orc priests
  2 iguanas
  2 centaur skeletons (D:9)
  Jessica (D:2)
  9 worker ants
  5 ogre zombies (D:9)
  2 hound zombies
  4 hound skeletons
  Robin (D:3)
  12 gnolls
  A worker ant zombie (D:8)
  12 adders
  A shadow imp (D:10)
  An adder zombie (D:7)
  An adder skeleton (D:4)
  A dart slug (D:1)
  9 leopard geckos
  62 orcs
  2 ball pythons
  9 bats
  4 giant cockroaches
  12 goblins
  5 hobgoblins
  8 jackals (D:2)
  6 kobolds
  6 quokkas
  5 frilled lizards
  A goblin zombie (D:9)
  3 hobgoblin skeletons (D:9)
  2 hobgoblin zombies (D:9)
  8 orc skeletons (D:9)
  11 orc zombies (D:9)
  10 rats
402 creatures vanquished.

Vanquished Creatures (others)
  2 two-headed ogres
  A gargoyle (D:11)
  A hippogriff (D:10)
  5 yaks
  A chaos spawn (D:11)
  A warg (D:11)
  An orc warrior (D:10)
  An ice beast (D:11)
  An orc wizard (D:11)
  A worker ant (D:10)
  2 ogre zombies (D:9)
17 creatures vanquished.

Grand Total: 419 creatures vanquished

Notes
Turn   | Place    | Note
-------+----------+-------------------------------------------
     0 | D:1      | inmateoo the Mummy Monk began the quest for the Orb.
     0 | D:1      | Reached XP level 1. HP: 18/18 MP: 1/1
   246 | D:1      | Reached XP level 2. HP: 24/24 MP: 2/2
   253 | D:1      | Reached skill level 3 in Maces & Flails
   798 | D:1      | Reached XP level 3. HP: 29/29 MP: 3/3
   950 | D:2      | Noticed Sigmund
  1101 | D:2      | Noticed Jessica
  1683 | D:2      | Reached skill level 4 in Maces & Flails
  1683 | D:2      | Reached XP level 4. HP: 29/35 MP: 4/4
  1851 | D:2      | Found a sparkling altar of Nemelex Xobeh.
  1881 | D:2      | Killed Jessica
  2559 | D:3      | Noticed Robin
  2808 | D:3      | Killed Robin
  2825 | D:3      | Reached XP level 5. HP: 34/41 MP: 5/5
  3032 | D:3      | Reached skill level 5 in Maces & Flails
  3684 | D:4      | Reached XP level 6. HP: 41/47 MP: 6/6
  3735 | D:4      | Reached skill level 6 in Maces & Flails
  3865 | D:4      | Reached XP level 7. HP: 35/52 MP: 7/7
  3887 | D:4      | Noticed ThereIsNoGod's ghost (amateur SpVM)
  3922 | D:4      | Killed ThereIsNoGod's ghost
  3984 | D:4      | Found a staircase to the Ecumenical Temple.
  4001 | Temple   | Entered the Ecumenical Temple
  4403 | Temple   | Became a worshipper of Gozag Ym Sagoz the Greedy
  4811 | D:4      | Reached skill level 7 in Maces & Flails
  5162 | D:4      | Found a glowing silver altar of Zin.
  5319 | D:5      | Entered Level 5 of the Dungeon
  5415 | D:5      | Noticed Duvessa
  5418 | D:5      | Noticed Dowan
  5429 | D:5      | Killed Duvessa
  5429 | D:5      | Reached skill level 1 in Armour
  5429 | D:5      | Reached skill level 1 in Shields
  5699 | D:5      | Killed Dowan
  5800 | D:5      | Noticed Eustachio
  5859 | D:5      | Killed Eustachio
  5859 | D:5      | Reached XP level 8. HP: 30/60 MP: 8/8
  6315 | D:5      | Noticed Menkaure
  6330 | D:5      | Killed Menkaure
  7009 | D:6      | Reached skill level 8 in Maces & Flails
  7490 | D:6      | Noticed Sharkov's ghost (novice KoWn)
  7516 | D:6      | Killed Sharkov's ghost
  7525 | D:6      | Reached XP level 9. HP: 45/67 MP: 9/9
  7930 | D:6      | Reached skill level 5 in Fighting
  9011 | D:7      | Reached skill level 9 in Maces & Flails
  9146 | D:7      | Noticed Pikel
  9163 | D:7      | Killed Pikel
  9265 | D:7      | Found a bloodstained altar of Trog.
  9265 | D:7      | Found a sacrificial altar of Ru.
  9266 | D:7      | Found a glowing golden altar of the Shining One.
  9471 | D:8      | Found Qaenoun's Antique Weapon Shoppe.
  9476 | D:8      | Bought a glowing morningstar for 196 gold pieces
  9849 | D:8      | Found Pycesu's Antique Weapon Emporium.
  9975 | D:8      | Found Sagh's Food Shop.
 10010 | D:8      | Noticed a two-headed ogre
 10012 | D:8      | Banished a two-headed ogre
 10012 | D:8      | Reached XP level 10. HP: 42/74 MP: 10/10
 10195 | D:8      | Found Suqoid's Book Emporium.
 10200 | D:8      | Found Ifosk's Jewellery Shop.
 10204 | D:8      | Bought an uncursed ring of protection from fire for 400 gold pieces
 10204 | D:8      | Bought an uncursed amulet of guardian spirit for 480 gold pieces
 10451 | D:9      | Reached skill level 10 in Maces & Flails
 10528 | D:9      | Found a staircase to the Orcish Mines.
 10753 | D:9      | Reached skill level 5 in Armour
 10826 | D:9      | Reached skill level 5 in Shields
 10896 | D:9      | Found a glowing golden altar of the Shining One.
 11124 | D:9      | Noticed a two-headed ogre
 11230 | D:9      | Killed a two-headed ogre
 11320 | D:10     | Entered Level 10 of the Dungeon
 11468 | D:10     | Noticed a two-headed ogre
 11925 | D:10     | Reached skill level 11 in Maces & Flails
 12129 | D:10     | Noticed a two-headed ogre
 12744 | D:11     | Found the +6 mace of Variability {chaos}
 12744 | D:11     | Found a shimmering altar of Xom.
 12852 | D:11     | Reached XP level 11. HP: 76/83 MP: 8/11
 12864 | D:11     | Noticed Harold
 13407 | D:10     | Banished a two-headed ogre
 14293 | D:11     | Found a staircase to the Lair.
 14506 | D:11     | Killed Harold
 14506 | D:11     | Reached skill level 12 in Maces & Flails
 14516 | D:11     | Reached skill level 1 in Evocations
 14707 | D:11     | Found Mesilak's Assorted Antiques.
 14713 | D:11     | Bought a scroll labeled ECASTR FIAJ for 31 gold pieces
 15836 | D:12     | Noticed a four-headed hydra
 15837 | D:12     | Noticed Urug
 15878 | D:12     | Killed Urug
 15878 | D:12     | Reached XP level 12. HP: 60/94 MP: 9/14
 15989 | D:12     | Killed a four-headed hydra
 16134 | D:12     | Found Jongika's Distillery.
 16587 | Lair:1   | Entered Level 1 of the Lair of Beasts
 16691 | Lair:1   | Reached skill level 13 in Maces & Flails
 17650 | Lair:2   | Found a dark tunnel.
 17659 | Volcano  | Entered a volcano
 17681 | Volcano  | Got a dazzling helmet
 17702 | Volcano  | HP: 4/97 [earth elemental (10)]
 17712 | Lair:2   | HP: 3/97 [earth elemental (23)]
 17720 | Lair:2   | Slain by an earth elemental

Vault maps used:
D:1:      lemuel_arrival_room
D:2:      serial_forest, infiniplex_forest_lined_3_way,
          infiniplex_forest_lined_4_way, infiniplex_forest_straight_5,
          infiniplex_forest_lined_2, infiniplex_forest_clump_double,
          infiniplex_forest_clump_small, infiniplex_forest_clump_long,
          nemelex_diamond_rough_becter, uniq_jessica, uniq_sigmund
D:3:      uniq_robin
D:4:      zin_academy, minmay_temple_entry_steel_oval
D:5:      first_ration, uniq_menkaure, uniq_duvessa, uniq_eustachio
D:7:      gammafunk_temple_overflow_claw, uniq_pikel
D:8:      serial_shops, shop_fountains, shop, nicolae_shop_behind_doors,
          shop_fountains, shop_coins
D:9:      zombieorc2_lemuel, grunt_ogre_cave, nicolae_tso_carved_into_rock
D:11:     cheibrodos_statue_roulette, erik_lair_orcish_takeover, serial_shops,
          nicolae_shop_stone, minmay_guarded_unrand_variability, uniq_harold
D:12:     serial_shops, shop, uniq_urug
Temple:   hc_temple_tempest_star
Lair:1:   serial_bayou_shore_b
Lair:2:   lightli_volcano_entry_magma_tube, minmay_holes, serial_bayou_ford_a,
          eino_house_with_fridge, serial_bayou_shore_b, serial_bayou_shore_a,
          grunt_megastairs_1
Volcano:  volcano_caves

Skill      XL: |  1  2  3  4  5  6  7  8  9 10 11 12 |
---------------+-------------------------------------+-----
Maces & Flails | 3 4 5 6 7 8 9 11 12 13 | 13.4
Armour         | 1 2 4 5 |  5.0
Shields        | 1 2 4 5 |  5.0
Fighting       | 4 5 6 8 9 |  9.7
Evocations     | 3 4 |  4.6
Dodging        | |  2.4
Stealth        | |  1.5

Action                   |  1- 3 |  4- 6 |  7- 9 | 10-12 || total
-------------------------+-------+-------+-------+-------++-------
Melee: Mace              |   127 |    21 |       |       ||   148
       Flail             |       |    79 |   130 |       ||   209
       Dagger            |       |   159 |   416 |       ||   575
       Morningstar       |       |       |    27 |   559 ||   586
       Eveningstar       |       |       |       |   147 ||   147
 Fire: Blowgun           |       |       |     2 |       ||     2
Invok: Potion Petition   |       |       |       |     3 ||     3
Evoke: Wand              |       |       |       |     9 ||     9
  Use: Scroll            |     2 |     1 |     4 |    10 ||    17
 Stab: Sleeping          |     3 |       |       |       ||     3
       Distracted        |       |       |     2 |     3 ||     5
Armor: Robe              |     4 |       |       |       ||     4
       Chain mail        |    87 |   169 |   379 |   306 ||   941
Dodge: Dodged            |    89 |   113 |   121 |   121 ||   444
Block: Shield            |       |       |   225 |   287 ||   512

Table legend:
 A = Spawn XP
 B = Non-spawn XP
 C = Spawn XP percentage of total XP
 D = Spawn monster count
 E = Non-spawn monster count
 F = Spawn count percentage of total count
 G = Total turns spent on level
                    A         B        C        D         E        F      G
               +---------+---------+-------+---------+---------+-------+---------
         Total |       0 |   30878 |   0.0 |       0 |     419 |   0.0 | 17720
               +---------+---------+-------+---------+---------+-------+---------
           D:1 |       0 |      44 |   0.0 |       0 |      20 |   0.0 |  1334
           D:2 |       0 |     119 |   0.0 |       0 |      23 |   0.0 |  1613
           D:3 |       0 |     147 |   0.0 |       0 |      37 |   0.0 |   914
           D:4 |       0 |     714 |   0.0 |       0 |      28 |   0.0 |  1276
           D:5 |       0 |     916 |   0.0 |       0 |      23 |   0.0 |  1453
           D:6 |       0 |    1177 |   0.0 |       0 |      20 |   0.0 |  1795
           D:7 |       0 |    1659 |   0.0 |       0 |      30 |   0.0 |   771
           D:8 |       0 |    1110 |   0.0 |       0 |      14 |   0.0 |   958
           D:9 |       0 |    2318 |   0.0 |       0 |      62 |   0.0 |  1217
          D:10 |       0 |    3769 |   0.0 |       0 |      44 |   0.0 |  2639
          D:11 |       0 |    5643 |   0.0 |       0 |      43 |   0.0 |  1062
          D:12 |       0 |    6848 |   0.0 |       0 |      44 |   0.0 |  1125
        Lair:1 |       0 |    3676 |   0.0 |       0 |      19 |   0.0 |   813
        Lair:2 |       0 |    1753 |   0.0 |       0 |       9 |   0.0 |   271
       Volcano |       0 |     985 |   0.0 |       0 |       3 |   0.0 |    49
               +---------+---------+-------+---------+---------+-------+---------
